AoeStats
← Ziko

Black Forest

511007743Analyzed
2v2 RM · 6h ago on Oct 3, 2026· 29m 0s· 4 players
Game mode
Random Map
Map size
Medium (4 player)
Population
200
Speed
Normal
Resources
Standard
Victory
Conquest
Starting age
Dark Age
Ending age
Imperial Age
RankedLock teamsTeams togetherTeam positionsShared explorationLock speedFull tech treeHidden civsTurbo modeCheats
Victory
Defeat
🇫🇷 Ethiopians · France
1406
+17
🇫🇷 Mapuche · France
1402
+17
🇲🇽 Khmer · Mexico
1441
-17
🇸🇪 Cumans · Sweden
1423
-17
Tom
6:48 Loom
8:57 Feudal Age
9:03 Man-at-Arms
12:57 Double-Bit Axe
21:22 Castle Age
19:33 Gold Mining
19:48 Horse Collar
20:19 Fletching
22:13 Bodkin Arrow
21:39 Crossbowman
23:28 Bow Saw
25:22 Padded Archer Armor
27:29 Ballistics
Ziko
0:53 Loom
9:47 Feudal Age
12:24 Fletching
21:51 Castle Age
21:44 Double-Bit Axe
21:41 Horse Collar
22:53 Bodkin Arrow
23:41 Bow Saw
23:35 Heavy Plow
23:15 Crossbowman
24:52 Padded Archer Armor
26:12 Leather Archer Armor
amaoko21
6:28 Loom
9:03 Feudal Age
10:34 Double-Bit Axe
11:54 Horse Collar
16:07 Fletching
24:56 Castle Age
23:36 Gold Mining
23:58 Scale Barding Armor
24:04 Forging
25:09 Bloodlines
26:32 Wheelbarrow
DarkSIde1405
0:26 Loom
12:27 Feudal Age
18:39 Castle Age
17:45 Double-Bit Axe
23:17 Horse Collar
25:30 Bloodlines
27:02 Scale Barding Armor
28:26 Forging
28:34 Gold Mining
Connection lost

Rejoining the realm…

Still unreachable

The connection could not be restored.

Session expired

The server has moved on; the page needs a fresh start.